[ AOE2 MATCH · #473310894 ]
UnrankedTatars vs Lithuanians
[ REPLAY ANALYSIS · EXTRACTED FROM THE RECORDED GAME ]
Feudal
2:59
Castle
5:42
Imperial
7:33
| APM avg | 73.0 |
| APM peak | 155 |
| eAPM avg | 54.5 |
| Villagers / military | 107 / 702 |
Focus
⚔️ 28.9% · 🌾 71.1%
Scout Cavalry ×669 · Mangonel ×24 · Trebuchet (Packed) ×7 · Keshik ×2
Feudal
—
Castle
—
Imperial
—
| APM avg | 15.8 |
| APM peak | 34 |
| eAPM avg | 12.6 |
| Villagers / military | 45 / 97 |
Focus
⚔️ 26.9% · 🌾 73.1%
Hussite Wagon ×57 · Bombard Cannon ×39 · Mangonel ×1
Feudal
5:43
Castle
7:38
Imperial
10:37
| APM avg | 13.2 |
| APM peak | 43 |
| eAPM avg | 11.7 |
| Villagers / military | 25 / 42 |
Focus
⚔️ 17.3% · 🌾 82.7%
Scorpion ×39 · Mangonel ×3
Feudal
5:35
Castle
9:11
Imperial
11:39
| APM avg | 22.6 |
| APM peak | 61 |
| eAPM avg | 20.4 |
| Villagers / military | 39 / 30 |
Focus
⚔️ 19.8% · 🌾 80.2%
Unknown (1260) ×154 · Kipchak ×25 · Mangonel ×5
Feudal
5:20
Castle
7:26
Imperial
14:09
| APM avg | 12.7 |
| APM peak | 44 |
| eAPM avg | 11.8 |
| Villagers / military | 39 / 163 |
Focus
⚔️ 31.1% · 🌾 68.9%
Scorpion ×153 · Unknown (1260) ×22 · Iron Pagoda ×10
Feudal
4:15
Castle
6:58
Imperial
11:52
| APM avg | 41.4 |
| APM peak | 111 |
| eAPM avg | 34.1 |
| Villagers / military | 117 / 356 |
Focus
⚔️ 19.5% · 🌾 80.5%
Scout Cavalry ×230 · Bombard Cannon ×117 · Mangonel ×9
Feudal
3:49
Castle
7:02
Imperial
11:33
| APM avg | 33.5 |
| APM peak | 84 |
| eAPM avg | 26.0 |
| Villagers / military | 64 / 335 |
Focus
⚔️ 20.2% · 🌾 79.8%
Scout Cavalry ×219 · Bombard Cannon ×85 · Mangonel ×31
Feudal
5:24
Castle
7:11
Imperial
12:26
| APM avg | 46.5 |
| APM peak | 86 |
| eAPM avg | 36.1 |
| Villagers / military | 58 / 298 |
Focus
⚔️ 42.1% · 🌾 57.9%
Scorpion ×121 · Ballista Elephant ×117 · Battle Elephant ×59 · Mangonel ×1
Match map
Initial resources + every placement click. Lines = walls · curves = elevation contours. ◆ gold · ⬟ stone · ● berries · ✦ relic · ◌ wall gap
Your base· ✓ Map-separated
Age5464's base· ✓ Map-separated
weakest man in bayader's base· ✓ Map-separated
Wololoo's base· ✓ Map-separated
Ortys's base· ✓ Map-separated
KISMAT's base· ✓ Map-separated
dRea's base· ✓ Map-separated
master's base· ✓ Map-separated
Smoothed initial terrain · ◌ = detected wall gap · hover for details
Inputs per minute
— Zni.无殇 - - Age5464
Build order — Zni.无殇
First 150 of 616 actions detected
| 0:01 | Create | Villager (Male) |
| 0:15 | Build | Mill |
| 0:22 | Create | Villager (Male) |
| 0:32 | Build | Farm |
| 0:46 | Create | Villager (Male) |
| 0:51 | Create | Villager (Male) |
| 0:51 | Create | Villager (Male) |
| 1:32 | Build | Lumber Camp |
| 2:00 | Build | Farm |
| 2:00 | Build | Farm |
| 2:07 | Research | Feudal Age |
| 2:07 | Research | Feudal Age |
| 2:07 | Research | Feudal Age |
| 2:28 | Build | Farm |
| 2:45 | Create | Villager (Male) |
| 2:59 | Age | Feudal Age |
| 3:00 | Research | Tech 1625 |
| 3:01 | Research | Tech 1625 |
| 3:01 | Research | Tech 1624 |
| 3:01 | Research | Tech 1624 |
| 3:02 | Research | Horse Collar |
| 3:02 | Research | Horse Collar |
| 3:02 | Research | Horse Collar |
| 3:04 | Create | Villager (Male) |
| 3:04 | Research | Double-Bit Axe |
| 3:04 | Research | Double-Bit Axe |
| 3:04 | Research | Tech 1687 |
| 3:05 | Research | Tech 1687 |
| 3:05 | Research | Tech 1688 |
| 3:05 | Research | Tech 1688 |
| 3:06 | Build | Farm |
| 3:07 | Build | Farm |
| 3:18 | Build | Farm |
| 3:26 | Create | Villager (Male) |
| 3:27 | Build | Farm |
| 3:27 | Build | Farm |
| 3:40 | Build | Market |
| 3:42 | Create | Villager (Male) |
| 3:49 | Build | Farm |
| 3:58 | Build | Blacksmith |
| 4:09 | Build | Farm |
| 4:11 | Build | Farm |
| 4:28 | Build | Farm |
| 4:31 | Research | Castle Age |
| 4:32 | Research | Castle Age |
| 4:38 | Build | Farm |
| 4:50 | Build | Farm |
| 4:51 | Build | Farm |
| 5:03 | Build | Farm |
| 5:26 | Build | Farm |
| 5:26 | Build | Farm |
| 5:26 | Build | Farm |
| 5:39 | Build | Farm |
| 5:40 | Build | Farm |
| 5:42 | Age | Castle Age |
| 5:45 | Create | Villager (Male) |
| 5:46 | Create | Villager (Male) |
| 5:48 | Build | Siege Workshop |
| 5:49 | Build | Farm |
| 5:50 | Research | Tech 1623 |
| 5:50 | Research | Tech 1623 |
| 5:50 | Research | Tech 1623 |
| 5:51 | Research | Tech 1622 |
| 5:51 | Research | Bow Saw |
| 5:52 | Research | Bow Saw |
| 5:52 | Research | Bow Saw |
| 5:52 | Research | Tech 1691 |
| 5:52 | Research | Tech 1691 |
| 5:53 | Research | Tech 1692 |
| 5:53 | Research | Tech 1692 |
| 5:56 | Build | Monastery |
| 5:59 | Build | Farm |
| 6:00 | Build | Farm |
| 6:03 | Build | Farm |
| 6:06 | Research | Heavy Plow |
| 6:06 | Research | Heavy Plow |
| 6:17 | Research | Imperial Age |
| 6:18 | Research | Imperial Age |
| 6:25 | Build | Farm |
| 6:25 | Build | Farm |
| 6:27 | Create | Mangonel |
| 6:29 | Build | Farm |
| 6:37 | Build | Town Center |
| 6:55 | Build | Town Center |
| 7:02 | Create | Villager (Male) |
| 7:03 | Create | Villager (Male) |
| 7:14 | Build | Farm |
| 7:14 | Build | Farm |
| 7:19 | Create | Villager (Male) |
| 7:19 | Create | Villager (Male) |
| 7:20 | Create | Villager (Male) |
| 7:26 | Research | Wheelbarrow |
| 7:26 | Research | Wheelbarrow |
| 7:26 | Research | Tech 1699 |
| 7:27 | Research | Tech 1699 |
| 7:27 | Research | Tech 1700 |
| 7:27 | Research | Tech 1700 |
| 7:33 | Create | Villager (Male) |
| 7:33 | Age | Imperial Age |
| 7:37 | Research | Onager (upgrade) |
| 7:37 | Research | Onager (upgrade) |
| 7:38 | Build | Farm |
| 7:38 | Build | Farm |
| 7:44 | Build | Mining Camp |
| 7:46 | Build | Mining Camp |
| 7:57 | Build | Farm |
| 7:59 | Build | Farm |
| 7:59 | Build | Farm |
| 8:02 | Research | Stone Mining |
| 8:02 | Research | Stone Mining |
| 8:02 | Research | Tech 1723 |
| 8:03 | Research | Tech 1723 |
| 8:03 | Research | Tech 1724 |
| 8:03 | Research | Tech 1724 |
| 8:03 | Research | Tech 1727 |
| 8:04 | Research | Tech 1727 |
| 8:04 | Research | Tech 1728 |
| 8:04 | Research | Tech 1728 |
| 8:07 | Research | Gold Mining |
| 8:07 | Research | Gold Mining |
| 8:07 | Research | Gold Mining |
| 8:07 | Research | Tech 1653 |
| 8:08 | Research | Gold Shaft Mining |
| 8:08 | Research | Gold Shaft Mining |
| 8:08 | Research | Tech 1654 |
| 8:08 | Research | Tech 1654 |
| 8:10 | Create | Villager (Male) |
| 8:10 | Create | Villager (Male) |
| 8:13 | Research | Tech 1677 |
| 8:14 | Research | Tech 1677 |
| 8:14 | Research | Tech 1678 |
| 8:14 | Research | Tech 1678 |
| 8:28 | Create | Villager (Male) |
| 8:32 | Create | Villager (Male) |
| 8:42 | Build | Lumber Camp |
| 8:48 | Build | Farm |
| 8:48 | Build | Farm |
| 8:50 | Research | Tech 1621 |
| 8:51 | Research | Tech 1621 |
| 8:51 | Research | Tech 1620 |
| 8:51 | Research | Tech 1620 |
| 8:52 | Research | Crop Rotation |
| 8:54 | Research | Tech 1705 |
| 8:54 | Research | Tech 1705 |
| 8:54 | Research | Tech 1705 |
| 8:55 | Research | Tech 1706 |
| 8:55 | Research | Tech 1706 |
| 8:55 | Research | Tech 1706 |
| 9:04 | Create | Villager (Male) |
| 9:06 | Create | Villager (Male) |
Build order — Age5464
First 150 of 182 actions detected
| 0:04 | Build | Lumber Camp |
| 0:09 | Build | Mill |
| 0:14 | Create | Villager (Male) |
| 0:14 | Create | Villager (Male) |
| 0:15 | Create | Villager (Male) |
| 0:15 | Create | Villager (Male) |
| 1:01 | Build | Farm |
| 1:12 | Create | Villager (Male) |
| 1:12 | Create | Villager (Male) |
| 1:12 | Create | Villager (Male) |
| 1:21 | Build | Farm |
| 1:34 | Build | Farm |
| 1:56 | Build | Farm |
| 2:02 | Research | Feudal Age |
| 2:53 | Create | Villager (Male) |
| 2:54 | Create | Villager (Male) |
| 3:01 | Research | Double-Bit Axe |
| 3:02 | Research | Tech 1687 |
| 3:02 | Research | Tech 1688 |
| 3:06 | Build | Market |
| 3:21 | Build | Farm |
| 3:24 | Build | Farm |
| 3:33 | Build | Farm |
| 3:36 | Build | Farm |
| 3:55 | Build | Farm |
| 3:57 | Build | Farm |
| 4:02 | Research | Town Watch |
| 4:16 | Build | Blacksmith |
| 4:37 | Research | Castle Age |
| 5:06 | Build | Farm |
| 5:54 | Research | Bow Saw |
| 5:55 | Research | Tech 1691 |
| 5:55 | Research | Tech 1692 |
| 6:11 | Build | Lumber Camp |
| 6:19 | Create | Villager (Male) |
| 6:19 | Create | Villager (Male) |
| 6:20 | Create | Villager (Male) |
| 6:20 | Create | Villager (Male) |
| 6:33 | Build | Siege Workshop |
| 6:37 | Build | Monastery |
| 6:47 | Build | Farm |
| 7:06 | Build | Farm |
| 7:12 | Build | Farm |
| 7:22 | Research | Town Patrol |
| 7:29 | Build | Farm |
| 7:32 | Build | Farm |
| 7:38 | Research | Tech 1612 |
| 7:39 | Research | Tech 1613 |
| 8:22 | Build | Farm |
| 8:26 | Build | Monastery |
| 8:34 | Build | Farm |
| 8:41 | Build | Farm |
| 8:45 | Research | Imperial Age |
| 9:03 | Build | Lumber Camp |
| 10:00 | Build | Town Center |
| 10:10 | Research | Two-Man Saw |
| 10:10 | Research | Tech 1705 |
| 10:10 | Research | Tech 1706 |
| 10:18 | Create | Villager (Male) |
| 10:18 | Create | Villager (Male) |
| 10:19 | Create | Villager (Male) |
| 10:19 | Create | Villager (Male) |
| 10:19 | Create | Villager (Male) |
| 10:20 | Create | Villager (Male) |
| 10:56 | Build | Lumber Camp |
| 11:08 | Create | Villager (Male) |
| 11:08 | Create | Villager (Male) |
| 11:09 | Create | Villager (Male) |
| 11:09 | Create | Villager (Male) |
| 11:39 | Build | Town Center |
| 12:06 | Create | Villager (Male) |
| 12:07 | Create | Villager (Male) |
| 12:07 | Create | Villager (Male) |
| 12:07 | Create | Villager (Male) |
| 12:14 | Build | Mining Camp |
| 12:17 | Build | Mining Camp |
| 12:31 | Create | Villager (Male) |
| 12:32 | Create | Villager (Male) |
| 12:32 | Create | Villager (Male) |
| 12:36 | Research | Stone Mining |
| 12:37 | Research | Tech 1723 |
| 12:37 | Research | Stone Shaft Mining |
| 12:37 | Research | Tech 1724 |
| 12:38 | Research | Tech 1727 |
| 12:38 | Research | Tech 1727 |
| 12:38 | Research | Tech 1728 |
| 12:49 | Build | Lumber Camp |
| 13:35 | Create | Villager (Male) |
| 13:35 | Create | Villager (Male) |
| 13:36 | Create | Villager (Male) |
| 13:36 | Create | Villager (Male) |
| 13:37 | Create | Villager (Male) |
| 13:37 | Create | Villager (Male) |
| 13:37 | Create | Villager (Male) |
| 13:45 | Build | Lumber Camp |
| 14:14 | Build | Mining Camp |
| 14:17 | Research | Loom |
| 14:22 | Research | Wheelbarrow |
| 14:23 | Research | Tech 1699 |
| 14:23 | Research | Tech 1700 |
| 14:55 | Research | Gold Mining |
| 14:56 | Research | Tech 1653 |
| 14:56 | Research | Gold Shaft Mining |
| 14:56 | Research | Tech 1654 |
| 14:57 | Research | Tech 1677 |
| 14:57 | Research | Tech 1678 |
| 15:03 | Build | Lumber Camp |
| 15:11 | Research | Hand Cart |
| 15:11 | Research | Tech 1715 |
| 15:11 | Research | Tech 1715 |
| 15:12 | Research | Tech 1716 |
| 15:20 | Build | Blacksmith |
| 15:21 | Build | Blacksmith |
| 15:46 | Build | Castle |
| 15:58 | Research | Forging |
| 15:58 | Research | Scale Barding Armor |
| 15:58 | Research | Tech 1661 |
| 15:58 | Research | Tech 1871 |
| 15:58 | Research | Tech 1872 |
| 15:58 | Research | Tech 1662 |
| 16:14 | Build | University |
| 16:31 | Research | Conscription |
| 16:31 | Research | Tech 1733 |
| 16:32 | Research | Tech 1734 |
| 17:02 | Research | Hussite Reforms |
| 17:40 | Build | Mining Camp |
| 18:37 | Build | University |
| 18:43 | Build | Siege Workshop |
| 18:57 | Research | Chemistry |
| 19:11 | Build | Castle |
| 19:38 | Research | Houfnice (upgrade) |
| 19:39 | Research | Houfnice (upgrade) |
| 19:57 | Research | Wagenburg Tactics |
| 19:58 | Research | Tech 1850 |
| 19:58 | Research | Tech 1850 |
| 19:58 | Research | Tech 1851 |
| 20:00 | Research | Elite Hussite Wagon (upgrade) |
| 20:12 | Build | Siege Workshop |
| 20:46 | Research | Onager (upgrade) |
| 20:47 | Create | Mangonel |
| 20:58 | Build | Mining Camp |
| 21:11 | Create | Hussite Wagon ×5 |
| 21:11 | Create | Hussite Wagon ×5 |
| 21:12 | Create | Hussite Wagon ×5 |
| 21:12 | Create | Hussite Wagon ×5 |
| 21:37 | Create | Hussite Wagon ×5 |
| 21:38 | Create | Hussite Wagon |
| 21:43 | Create | Hussite Wagon |
| 21:59 | Build | Castle |
| 22:03 | Create | Hussite Wagon ×4 |
Build order — weakest man in bayader
First 150 of 188 actions detected
| 0:52 | Build | Lumber Camp |
| 0:57 | Build | House |
| 0:59 | Build | Mill |
| 1:06 | Build | Mill |
| 1:11 | Build | Lumber Camp |
| 1:22 | Build | Farm |
| 1:23 | Build | Farm |
| 1:24 | Build | Farm |
| 1:25 | Build | Farm |
| 1:29 | Build | Farm |
| 1:31 | Build | Farm |
| 1:32 | Build | Farm |
| 1:36 | Build | Farm |
| 1:50 | Build | Lumber Camp |
| 4:40 | Build | Lumber Camp |
| 4:45 | Build | Lumber Camp |
| 4:50 | Build | Farm |
| 4:51 | Research | Feudal Age |
| 5:02 | Build | Lumber Camp |
| 5:06 | Build | Farm |
| 5:20 | Build | Lumber Camp |
| 5:43 | Age | Feudal Age |
| 5:57 | Build | Market |
| 5:59 | Create | Villager (Male) |
| 6:34 | Research | Castle Age |
| 6:46 | Build | Farm |
| 6:50 | Build | Farm |
| 7:30 | Research | Double-Bit Axe |
| 7:30 | Research | Tech 1687 |
| 7:31 | Research | Tech 1688 |
| 7:31 | Research | Tech 1688 |
| 7:38 | Build | Mill |
| 7:38 | Age | Castle Age |
| 7:41 | Research | Wheelbarrow |
| 7:41 | Research | Tech 1699 |
| 7:41 | Research | Tech 1699 |
| 7:42 | Research | Tech 1700 |
| 7:47 | Research | Bow Saw |
| 7:47 | Research | Tech 1691 |
| 7:48 | Research | Tech 1692 |
| 7:48 | Research | Tech 1692 |
| 7:55 | Research | Tech 1625 |
| 7:56 | Research | Tech 1624 |
| 7:56 | Research | Horse Collar |
| 7:56 | Research | Horse Collar |
| 8:07 | Build | Lumber Camp |
| 8:17 | Build | Siege Workshop |
| 8:42 | Build | Market |
| 8:46 | Research | Town Watch |
| 8:49 | Research | Tech 1623 |
| 8:50 | Research | Tech 1622 |
| 8:50 | Research | Tech 1622 |
| 8:51 | Research | Heavy Plow |
| 8:51 | Research | Heavy Plow |
| 9:04 | Research | Imperial Age |
| 9:11 | Research | Coinage |
| 9:12 | Research | Caravan |
| 9:13 | Research | Tech 1642 |
| 9:13 | Research | Tech 1642 |
| 9:13 | Research | Tech 1643 |
| 9:34 | Build | Lumber Camp |
| 9:38 | Build | Farm |
| 9:46 | Build | Lumber Camp |
| 9:51 | Build | Lumber Camp |
| 9:55 | Build | Lumber Camp |
| 10:07 | Research | Hand Cart |
| 10:08 | Research | Hand Cart |
| 10:08 | Research | Tech 1715 |
| 10:09 | Research | Tech 1716 |
| 10:10 | Research | Town Patrol |
| 10:11 | Research | Tech 1612 |
| 10:11 | Research | Tech 1613 |
| 10:12 | Research | Tech 1613 |
| 10:33 | Build | Siege Workshop |
| 10:37 | Age | Imperial Age |
| 10:42 | Research | Two-Man Saw |
| 10:42 | Research | Two-Man Saw |
| 10:42 | Research | Tech 1705 |
| 10:42 | Research | Tech 1706 |
| 10:45 | Research | Tech 1621 |
| 10:45 | Research | Tech 1620 |
| 10:46 | Research | Crop Rotation |
| 10:46 | Research | Crop Rotation |
| 10:48 | Research | Banking |
| 10:49 | Research | Guilds |
| 10:49 | Research | Guilds |
| 10:52 | Research | Onager (upgrade) |
| 11:00 | Create | Mangonel |
| 11:00 | Create | Mangonel |
| 11:02 | Create | Mangonel |
| 11:28 | Build | Town Center |
| 11:41 | Create | Villager (Male) ×5 |
| 12:02 | Create | Villager (Male) |
| 12:02 | Create | Villager (Male) |
| 12:36 | Build | Mining Camp |
| 12:44 | Research | Loom |
| 12:44 | Research | Loom |
| 12:44 | Research | Tech 1628 |
| 12:45 | Research | Tech 1629 |
| 12:45 | Research | Tech 1629 |
| 12:51 | Create | Scorpion |
| 12:51 | Create | Scorpion |
| 12:52 | Create | Scorpion |
| 13:10 | Create | Villager (Male) |
| 13:11 | Create | Villager (Male) |
| 13:12 | Research | Stone Mining |
| 13:12 | Research | Tech 1723 |
| 13:13 | Research | Tech 1724 |
| 13:13 | Research | Tech 1724 |
| 13:18 | Build | University |
| 13:22 | Create | Villager (Male) ×5 |
| 13:26 | Create | Scorpion |
| 13:26 | Create | Scorpion |
| 13:41 | Build | Lumber Camp |
| 13:53 | Research | Tech 1743 |
| 13:53 | Research | Tech 1744 |
| 14:07 | Research | Masonry |
| 14:08 | Research | Treadmill Crane |
| 14:08 | Research | Tech 1646 |
| 14:08 | Research | Tech 1651 |
| 14:08 | Research | Tech 1646 |
| 14:08 | Research | Tech 1652 |
| 14:09 | Research | Tech 1647 |
| 14:09 | Research | Tech 1647 |
| 14:11 | Research | Stone Shaft Mining |
| 14:11 | Research | Gold Mining |
| 14:11 | Research | Tech 1727 |
| 14:11 | Research | Tech 1653 |
| 14:11 | Research | Tech 1728 |
| 14:12 | Research | Tech 1653 |
| 14:12 | Research | Tech 1654 |
| 14:38 | Create | Scorpion ×4 |
| 14:48 | Build | Town Center |
| 15:00 | Create | Villager (Male) ×5 |
| 15:14 | Build | Town Center |
| 15:29 | Research | Architecture |
| 15:29 | Research | Architecture |
| 15:30 | Research | Tech 1648 |
| 15:30 | Research | Tech 1873 |
| 15:31 | Research | Ballistics |
| 15:31 | Research | Chemistry |
| 15:31 | Research | Chemistry |
| 15:32 | Research | Tech 1640 |
| 15:32 | Research | Tech 1641 |
| 15:32 | Research | Tech 1641 |
| 15:43 | Build | Lumber Camp |
| 15:49 | Build | Blacksmith |
| 15:52 | Build | Blacksmith |
| 16:00 | Build | Mining Camp |
| 16:11 | Create | Villager (Male) ×5 |
Build order — Wololoo
First 150 of 280 actions detected
| 1:06 | Build | Mill |
| 1:22 | Build | Farm |
| 1:23 | Build | Farm |
| 1:24 | Build | Farm |
| 1:27 | Build | Farm |
| 1:34 | Build | Farm |
| 1:35 | Build | Farm |
| 1:43 | Build | Farm |
| 2:10 | Build | Lumber Camp |
| 2:28 | Build | Farm |
| 3:32 | Build | Lumber Camp |
| 3:49 | Build | Farm |
| 3:53 | Build | Farm |
| 4:43 | Research | Feudal Age |
| 4:43 | Research | Feudal Age |
| 5:35 | Age | Feudal Age |
| 5:43 | Research | Double-Bit Axe |
| 5:44 | Research | Double-Bit Axe |
| 5:44 | Research | Tech 1687 |
| 5:44 | Research | Tech 1687 |
| 5:44 | Research | Tech 1688 |
| 5:53 | Build | Farm |
| 5:56 | Build | Lumber Camp |
| 6:19 | Research | Wheelbarrow |
| 6:20 | Research | Tech 1699 |
| 6:20 | Research | Tech 1700 |
| 7:30 | Build | Market |
| 7:34 | Build | Blacksmith |
| 7:42 | Build | Mining Camp |
| 8:07 | Research | Castle Age |
| 8:10 | Research | Stone Mining |
| 8:12 | Research | Tech 1723 |
| 8:12 | Research | Tech 1723 |
| 8:12 | Research | Tech 1724 |
| 8:12 | Research | Tech 1724 |
| 8:18 | Research | Tech 1625 |
| 8:18 | Research | Tech 1624 |
| 8:18 | Research | Horse Collar |
| 8:46 | Build | Town Center |
| 9:11 | Age | Castle Age |
| 9:16 | Research | Bow Saw |
| 9:16 | Research | Tech 1691 |
| 9:16 | Research | Tech 1692 |
| 9:21 | Research | Tech 1727 |
| 9:21 | Research | Tech 1728 |
| 9:21 | Research | Tech 1728 |
| 9:25 | Research | Hand Cart |
| 9:25 | Research | Tech 1715 |
| 9:26 | Research | Tech 1716 |
| 9:26 | Research | Tech 1716 |
| 9:29 | Create | Villager (Male) |
| 9:29 | Create | Villager (Male) |
| 9:29 | Create | Villager (Male) |
| 9:29 | Create | Villager (Male) |
| 9:30 | Create | Villager (Male) |
| 9:42 | Build | Siege Workshop |
| 10:02 | Build | Monastery |
| 10:23 | Research | Imperial Age |
| 10:38 | Build | Lumber Camp |
| 10:47 | Create | Mangonel |
| 10:47 | Create | Mangonel |
| 10:54 | Create | Villager (Male) |
| 10:55 | Create | Villager (Male) |
| 10:55 | Create | Villager (Male) |
| 10:55 | Create | Villager (Male) |
| 10:56 | Create | Villager (Male) |
| 11:12 | Research | Tech 1623 |
| 11:12 | Research | Tech 1623 |
| 11:12 | Research | Tech 1622 |
| 11:13 | Research | Tech 1622 |
| 11:13 | Research | Heavy Plow |
| 11:13 | Research | Heavy Plow |
| 11:39 | Age | Imperial Age |
| 11:42 | Build | Farm |
| 11:45 | Build | Farm |
| 11:51 | Research | Onager (upgrade) |
| 11:55 | Research | Two-Man Saw |
| 11:56 | Research | Tech 1705 |
| 11:56 | Research | Tech 1706 |
| 11:56 | Research | Tech 1706 |
| 12:09 | Research | Gold Mining |
| 12:09 | Research | Gold Mining |
| 12:09 | Research | Tech 1653 |
| 12:10 | Research | Tech 1653 |
| 12:10 | Research | Tech 1654 |
| 12:10 | Research | Tech 1654 |
| 12:24 | Build | Town Center |
| 12:44 | Build | Castle |
| 12:52 | Research | Siege Onager (upgrade) |
| 12:53 | Create | Mangonel |
| 12:53 | Create | Mangonel |
| 12:53 | Create | Mangonel |
| 13:08 | Create | Villager (Male) |
| 13:08 | Create | Villager (Male) |
| 13:08 | Create | Villager (Male) |
| 13:08 | Create | Villager (Male) |
| 13:08 | Create | Villager (Male) |
| 13:08 | Create | Villager (Male) |
| 13:09 | Create | Villager (Male) |
| 13:09 | Create | Villager (Male) |
| 13:09 | Create | Villager (Male) |
| 13:09 | Create | Villager (Male) |
| 13:09 | Create | Villager (Male) |
| 13:10 | Create | Villager (Male) |
| 13:10 | Create | Villager (Male) |
| 13:10 | Create | Villager (Male) |
| 13:10 | Create | Villager (Male) |
| 13:10 | Create | Villager (Male) |
| 13:10 | Create | Villager (Male) |
| 13:11 | Create | Villager (Male) |
| 13:11 | Create | Villager (Male) |
| 13:11 | Create | Villager (Male) |
| 13:30 | Research | Forging |
| 13:30 | Research | Scale Barding Armor |
| 13:30 | Research | Tech 1661 |
| 13:30 | Research | Tech 1871 |
| 13:31 | Research | Tech 1662 |
| 13:31 | Research | Tech 1872 |
| 14:23 | Create | Villager (Male) |
| 14:23 | Create | Villager (Male) |
| 14:23 | Create | Villager (Male) |
| 14:23 | Create | Villager (Male) |
| 14:23 | Create | Villager (Male) |
| 14:42 | Build | Farm |
| 14:43 | Build | Farm |
| 14:45 | Build | Farm |
| 14:47 | Build | Farm |
| 14:52 | Build | Lumber Camp |
| 15:15 | Research | Gold Shaft Mining |
| 15:15 | Research | Tech 1677 |
| 15:15 | Research | Tech 1678 |
| 15:16 | Research | Tech 1678 |
| 15:20 | Build | Mining Camp |
| 15:21 | Build | Mining Camp |
| 15:24 | Build | Mining Camp |
| 15:51 | Build | Mining Camp |
| 16:17 | Research | Town Watch |
| 16:18 | Research | Tech 1612 |
| 16:18 | Research | Tech 1613 |
| 16:19 | Research | Tech 1613 |
| 16:21 | Create | Villager (Male) |
| 16:21 | Create | Villager (Male) |
| 16:22 | Create | Villager (Male) |
| 16:22 | Create | Villager (Male) |
| 16:32 | Build | University |
| 16:33 | Build | University |
| 16:34 | Build | University |
| 16:48 | Research | Masonry |
| 16:48 | Research | Tech 1651 |
| 16:49 | Research | Heated Shot |
Build order — Ortys
First 150 of 223 actions detected
| 1:05 | Build | Mill |
| 1:19 | Build | Farm |
| 1:22 | Build | Farm |
| 1:24 | Build | Farm |
| 1:27 | Build | Farm |
| 1:29 | Build | Farm |
| 1:32 | Build | Farm |
| 1:34 | Build | Farm |
| 1:38 | Build | Farm |
| 1:46 | Build | Lumber Camp |
| 2:41 | Build | Outpost |
| 2:47 | Build | Farm |
| 2:53 | Build | Farm |
| 2:55 | Build | Farm |
| 4:28 | Research | Feudal Age |
| 5:20 | Age | Feudal Age |
| 5:21 | Research | Double-Bit Axe |
| 5:21 | Research | Double-Bit Axe |
| 5:21 | Research | Tech 1687 |
| 5:22 | Research | Tech 1687 |
| 5:22 | Research | Tech 1688 |
| 5:27 | Research | Tech 1625 |
| 5:27 | Research | Tech 1624 |
| 5:31 | Research | Wheelbarrow |
| 5:44 | Build | Market |
| 5:57 | Build | Blacksmith |
| 6:22 | Research | Castle Age |
| 6:36 | Build | Farm |
| 6:45 | Build | Lumber Camp |
| 6:53 | Build | Lumber Camp |
| 7:05 | Research | Horse Collar |
| 7:05 | Research | Horse Collar |
| 7:26 | Age | Castle Age |
| 7:27 | Research | Bow Saw |
| 7:27 | Research | Bow Saw |
| 7:28 | Research | Tech 1691 |
| 7:28 | Research | Tech 1692 |
| 7:28 | Research | Tech 1692 |
| 7:33 | Research | Hand Cart |
| 7:33 | Research | Hand Cart |
| 7:33 | Research | Tech 1699 |
| 7:34 | Research | Tech 1700 |
| 7:34 | Research | Tech 1715 |
| 7:34 | Research | Tech 1716 |
| 7:35 | Research | Tech 1716 |
| 7:54 | Build | Town Center |
| 8:12 | Build | Market |
| 8:20 | Build | Farm |
| 8:23 | Build | Farm |
| 8:29 | Create | Villager (Male) ×5 |
| 8:55 | Build | Town Center |
| 9:03 | Create | Villager (Male) |
| 9:03 | Create | Villager (Male) |
| 9:03 | Create | Villager (Male) |
| 9:04 | Create | Villager (Male) |
| 9:04 | Create | Villager (Male) |
| 9:04 | Create | Villager (Male) |
| 9:04 | Create | Villager (Male) |
| 9:05 | Create | Villager (Male) |
| 9:05 | Create | Villager (Male) |
| 9:05 | Create | Villager (Male) |
| 9:06 | Create | Villager (Male) |
| 9:09 | Research | Tech 1623 |
| 9:09 | Research | Tech 1623 |
| 9:09 | Research | Tech 1622 |
| 9:09 | Research | Heavy Plow |
| 9:30 | Create | Villager (Male) ×5 |
| 9:30 | Create | Villager (Male) ×5 |
| 9:31 | Research | Town Watch |
| 9:32 | Research | Tech 1612 |
| 9:32 | Research | Tech 1613 |
| 9:32 | Research | Tech 1613 |
| 10:03 | Create | Villager (Male) ×5 |
| 10:03 | Create | Villager (Male) ×5 |
| 10:09 | Build | Mining Camp |
| 10:26 | Build | Mill |
| 10:32 | Research | Gold Mining |
| 10:32 | Research | Tech 1653 |
| 10:33 | Research | Tech 1653 |
| 10:33 | Research | Tech 1654 |
| 10:49 | Build | Market |
| 11:21 | Build | Castle |
| 11:42 | Build | Lumber Camp |
| 11:54 | Build | Market |
| 11:59 | Research | Gold Shaft Mining |
| 11:59 | Research | Tech 1677 |
| 11:59 | Research | Tech 1677 |
| 12:00 | Research | Tech 1678 |
| 12:04 | Research | Heavy Plow |
| 12:29 | Research | Great Wall |
| 12:53 | Research | Imperial Age |
| 12:55 | Create | Villager (Male) ×3 |
| 13:12 | Build | Siege Workshop |
| 13:30 | Build | Lumber Camp |
| 13:39 | Build | Blacksmith |
| 13:52 | Build | University |
| 14:05 | Research | Fletching |
| 14:05 | Research | Tech 1681 |
| 14:05 | Research | Tech 1682 |
| 14:06 | Research | Tech 1682 |
| 14:09 | Age | Imperial Age |
| 14:10 | Research | Heavy Scorpion (upgrade) |
| 14:11 | Research | Tech 980 |
| 14:14 | Research | Spies/Treason |
| 14:15 | Research | Rocketry |
| 14:16 | Research | Tech 1649 |
| 14:17 | Research | Conscription |
| 14:18 | Research | Elite Chu Ko Nu (upgrade) |
| 14:20 | Research | Tech 1745 |
| 14:21 | Research | Tech 1733 |
| 14:21 | Research | Tech 1734 |
| 14:21 | Research | Tech 1734 |
| 14:23 | Research | Tech 1746 |
| 14:26 | Research | Tech 1651 |
| 14:27 | Research | Tech 1652 |
| 14:27 | Research | Tech 1652 |
| 14:30 | Research | Ballistics |
| 14:30 | Research | Ballistics |
| 14:31 | Research | Ballistics |
| 14:33 | Research | Arrowslits |
| 14:34 | Research | Tech 1812 |
| 14:35 | Research | Tech 1813 |
| 14:36 | Research | Tech 1743 |
| 14:36 | Research | Tech 1744 |
| 14:43 | Build | Siege Workshop |
| 14:53 | Build | Siege Workshop |
| 14:55 | Create | Scorpion ×5 |
| 14:55 | Create | Scorpion ×5 |
| 14:56 | Create | Scorpion ×5 |
| 14:56 | Create | Scorpion ×5 |
| 15:01 | Research | Two-Man Saw |
| 15:02 | Research | Tech 1705 |
| 15:03 | Research | Tech 1706 |
| 15:03 | Research | Tech 1706 |
| 15:10 | Create | Scorpion ×5 |
| 15:10 | Create | Scorpion ×5 |
| 15:11 | Create | Scorpion ×5 |
| 15:20 | Build | Lumber Camp |
| 15:33 | Research | Loom |
| 15:33 | Research | Loom |
| 15:34 | Research | Tech 1628 |
| 15:34 | Research | Tech 1629 |
| 15:35 | Research | Town Patrol |
| 15:36 | Research | Tech 1613 |
| 15:39 | Research | Bodkin Arrow |
| 15:39 | Research | Bodkin Arrow |
| 15:39 | Research | Tech 1683 |
| 15:40 | Research | Tech 1684 |
| 15:40 | Research | Tech 1684 |
| 15:44 | Research | Chemistry |
Build order — KISMAT
First 150 of 452 actions detected
| 0:07 | Build | Mill |
| 0:25 | Build | Farm |
| 0:29 | Create | Villager (Male) |
| 0:30 | Create | Villager (Male) |
| 0:30 | Create | Villager (Male) |
| 0:30 | Create | Villager (Male) |
| 0:31 | Create | Villager (Male) |
| 0:32 | Create | Villager (Male) |
| 0:32 | Create | Villager (Male) |
| 1:13 | Build | Farm |
| 1:48 | Create | Villager (Male) |
| 1:48 | Create | Villager (Male) |
| 1:48 | Create | Villager (Male) |
| 2:15 | Build | Lumber Camp |
| 2:29 | Build | Lumber Camp |
| 3:04 | Research | Feudal Age |
| 3:29 | Create | Villager (Male) |
| 3:29 | Create | Villager (Male) |
| 3:30 | Create | Villager (Male) |
| 3:44 | Create | Villager (Male) |
| 3:45 | Create | Villager (Male) |
| 3:45 | Create | Villager (Male) |
| 4:03 | Create | Villager (Male) |
| 4:03 | Create | Villager (Male) |
| 4:03 | Create | Villager (Male) |
| 4:15 | Age | Feudal Age |
| 4:16 | Research | Double-Bit Axe |
| 4:17 | Research | Double-Bit Axe |
| 4:17 | Research | Tech 1687 |
| 4:17 | Research | Tech 1687 |
| 4:18 | Research | Tech 1687 |
| 4:18 | Research | Tech 1688 |
| 4:18 | Research | Tech 1688 |
| 4:19 | Research | Tech 1688 |
| 4:20 | Create | Villager (Male) |
| 4:21 | Create | Villager (Male) |
| 4:24 | Build | Market |
| 4:42 | Build | Farm |
| 5:15 | Build | Blacksmith |
| 5:37 | Build | Farm |
| 5:50 | Research | Castle Age |
| 6:09 | Create | Villager (Male) |
| 6:09 | Create | Villager (Male) |
| 6:10 | Create | Villager (Male) |
| 6:20 | Research | Tech 1625 |
| 6:21 | Research | Tech 1625 |
| 6:21 | Research | Tech 1625 |
| 6:21 | Research | Tech 1624 |
| 6:22 | Research | Tech 1624 |
| 6:22 | Research | Tech 1624 |
| 6:22 | Research | Horse Collar |
| 6:22 | Research | Horse Collar |
| 6:58 | Age | Castle Age |
| 7:02 | Research | Bow Saw |
| 7:02 | Research | Bow Saw |
| 7:02 | Research | Bow Saw |
| 7:03 | Research | Tech 1691 |
| 7:03 | Research | Tech 1691 |
| 7:03 | Research | Tech 1691 |
| 7:04 | Research | Tech 1692 |
| 7:04 | Research | Tech 1692 |
| 7:04 | Research | Tech 1692 |
| 7:08 | Create | Villager (Male) |
| 7:08 | Create | Villager (Male) |
| 7:09 | Create | Villager (Male) |
| 7:26 | Build | Town Center |
| 7:47 | Create | Villager (Male) |
| 7:47 | Create | Villager (Male) |
| 7:47 | Create | Villager (Male) |
| 8:09 | Build | Lumber Camp |
| 8:17 | Create | Villager (Male) |
| 8:52 | Create | Villager (Male) |
| 8:52 | Create | Villager (Male) |
| 8:53 | Create | Villager (Male) |
| 8:53 | Create | Villager (Male) |
| 8:53 | Create | Villager (Male) |
| 8:54 | Create | Villager (Male) |
| 8:54 | Create | Villager (Male) |
| 8:54 | Create | Villager (Male) |
| 8:54 | Create | Villager (Male) |
| 8:55 | Create | Villager (Male) |
| 9:03 | Build | Town Center |
| 9:20 | Build | Farm |
| 9:45 | Build | Lumber Camp |
| 9:52 | Build | Siege Workshop |
| 9:59 | Create | Villager (Male) |
| 9:59 | Create | Villager (Male) |
| 9:59 | Create | Villager (Male) |
| 10:06 | Build | Monastery |
| 10:14 | Build | Dock |
| 10:36 | Research | Imperial Age |
| 10:37 | Research | Imperial Age |
| 10:50 | Research | Town Watch |
| 10:51 | Research | Town Watch |
| 10:51 | Research | Town Watch |
| 10:51 | Research | Tech 1612 |
| 10:52 | Research | Tech 1612 |
| 10:52 | Research | Tech 1612 |
| 10:53 | Research | Tech 1613 |
| 10:53 | Research | Tech 1613 |
| 10:53 | Research | Tech 1613 |
| 10:55 | Research | Wheelbarrow |
| 10:56 | Research | Wheelbarrow |
| 10:56 | Research | Wheelbarrow |
| 10:56 | Research | Tech 1699 |
| 10:57 | Research | Tech 1699 |
| 10:57 | Research | Tech 1699 |
| 10:57 | Research | Tech 1700 |
| 10:58 | Research | Tech 1700 |
| 10:58 | Research | Tech 1700 |
| 11:02 | Create | Villager (Male) |
| 11:03 | Create | Villager (Male) |
| 11:03 | Create | Villager (Male) |
| 11:05 | Create | Villager (Male) |
| 11:05 | Create | Villager (Male) |
| 11:05 | Create | Villager (Male) |
| 11:09 | Build | Lumber Camp |
| 11:11 | Create | Villager (Male) |
| 11:12 | Create | Villager (Male) |
| 11:14 | Create | Villager (Male) |
| 11:14 | Create | Villager (Male) |
| 11:14 | Create | Villager (Male) |
| 11:17 | Create | Villager (Male) |
| 11:17 | Create | Villager (Male) |
| 11:46 | Build | Barracks |
| 11:52 | Age | Imperial Age |
| 12:05 | Research | Town Patrol |
| 12:07 | Research | Hand Cart |
| 12:08 | Research | Hand Cart |
| 12:08 | Research | Hand Cart |
| 12:08 | Research | Tech 1715 |
| 12:09 | Research | Tech 1715 |
| 12:10 | Research | Tech 1715 |
| 12:10 | Research | Tech 1715 |
| 12:11 | Research | Tech 1715 |
| 12:23 | Create | Villager (Male) |
| 12:23 | Create | Villager (Male) |
| 12:24 | Create | Villager (Male) |
| 12:25 | Create | Villager (Male) |
| 12:25 | Create | Villager (Male) |
| 12:26 | Create | Villager (Male) |
| 12:26 | Create | Villager (Male) |
| 12:27 | Create | Villager (Male) |
| 12:27 | Create | Villager (Male) |
| 12:27 | Create | Villager (Male) |
| 12:31 | Research | Tech 1705 |
| 12:31 | Research | Tech 1705 |
| 12:31 | Research | Tech 1705 |
| 12:32 | Research | Tech 1706 |
| 12:32 | Research | Tech 1706 |
Build order — dRea
First 150 of 286 actions detected
| 0:03 | Create | Villager (Male) |
| 0:04 | Create | Villager (Male) |
| 0:04 | Create | Villager (Male) |
| 0:04 | Create | Villager (Male) |
| 0:06 | Build | Mill |
| 0:23 | Build | Farm |
| 0:32 | Create | Villager (Male) |
| 0:32 | Create | Villager (Male) |
| 0:32 | Create | Villager (Male) |
| 0:33 | Create | Villager (Male) |
| 1:12 | Build | Lumber Camp |
| 1:51 | Build | Farm |
| 2:22 | Build | Farm |
| 2:43 | Build | Farm |
| 2:57 | Research | Feudal Age |
| 3:49 | Age | Feudal Age |
| 3:50 | Research | Double-Bit Axe |
| 3:51 | Research | Tech 1687 |
| 3:51 | Research | Tech 1688 |
| 3:54 | Research | Tech 1625 |
| 3:55 | Research | Tech 1624 |
| 3:55 | Research | Tech 1624 |
| 3:55 | Research | Horse Collar |
| 3:58 | Create | Villager (Male) |
| 3:58 | Create | Villager (Male) |
| 3:58 | Create | Villager (Male) |
| 4:03 | Build | Market |
| 4:05 | Build | Blacksmith |
| 4:54 | Build | Farm |
| 5:02 | Create | Villager (Male) |
| 5:05 | Build | Farm |
| 5:18 | Build | Farm |
| 5:19 | Build | Farm |
| 5:36 | Build | Lumber Camp |
| 5:46 | Build | Farm |
| 5:49 | Build | Farm |
| 5:53 | Build | Farm |
| 5:58 | Research | Castle Age |
| 6:09 | Build | Farm |
| 6:10 | Build | Farm |
| 6:13 | Build | Farm |
| 6:36 | Build | Farm |
| 6:38 | Build | Farm |
| 6:40 | Build | Farm |
| 6:53 | Build | Farm |
| 6:54 | Build | Farm |
| 6:56 | Build | Farm |
| 7:02 | Age | Castle Age |
| 7:05 | Research | Bow Saw |
| 7:05 | Research | Bow Saw |
| 7:06 | Research | Tech 1691 |
| 7:06 | Research | Tech 1692 |
| 7:07 | Research | Tech 1623 |
| 7:07 | Research | Tech 1622 |
| 7:08 | Research | Heavy Plow |
| 7:22 | Build | Siege Workshop |
| 7:25 | Build | Town Center |
| 7:55 | Build | Lumber Camp |
| 8:17 | Research | Wheelbarrow |
| 8:18 | Research | Tech 1699 |
| 8:18 | Research | Tech 1700 |
| 8:20 | Create | Villager (Male) |
| 8:20 | Create | Villager (Male) |
| 8:21 | Create | Villager (Male) |
| 8:22 | Research | Town Watch |
| 8:22 | Research | Tech 1612 |
| 8:23 | Research | Tech 1613 |
| 8:25 | Create | Villager (Male) |
| 8:25 | Create | Villager (Male) |
| 8:37 | Build | Farm |
| 8:51 | Build | Town Center |
| 9:00 | Build | Monastery |
| 9:06 | Create | Mangonel |
| 9:13 | Research | Imperial Age |
| 9:30 | Build | Farm |
| 9:40 | Create | Mangonel |
| 9:40 | Create | Mangonel |
| 9:45 | Create | Mangonel |
| 9:54 | Research | Hand Cart |
| 9:55 | Research | Tech 1715 |
| 10:08 | Research | Tech 1716 |
| 10:11 | Create | Villager (Male) ×5 |
| 10:11 | Create | Villager (Male) ×5 |
| 10:11 | Create | Villager (Male) ×5 |
| 10:12 | Create | Villager (Male) ×5 |
| 10:12 | Create | Villager (Male) |
| 10:13 | Create | Villager (Male) |
| 11:33 | Age | Imperial Age |
| 11:42 | Research | Onager (upgrade) |
| 11:53 | Build | Castle |
| 11:59 | Build | Lumber Camp |
| 12:03 | Create | Villager (Male) ×5 |
| 12:04 | Research | Tech 1621 |
| 12:05 | Research | Tech 1620 |
| 12:05 | Research | Crop Rotation |
| 12:09 | Build | Lumber Camp |
| 12:42 | Build | Mining Camp |
| 13:12 | Build | Barracks |
| 13:19 | Research | Gold Mining |
| 13:20 | Research | Stone Mining |
| 13:20 | Research | Tech 1653 |
| 13:20 | Research | Stone Mining |
| 13:20 | Research | Gold Shaft Mining |
| 13:20 | Research | Tech 1723 |
| 13:21 | Research | Tech 1654 |
| 13:21 | Research | Tech 1724 |
| 13:21 | Research | Tech 1654 |
| 13:21 | Research | Tech 1724 |
| 13:21 | Research | Tech 1677 |
| 13:22 | Research | Tech 1727 |
| 13:22 | Research | Tech 1678 |
| 13:22 | Research | Tech 1728 |
| 13:38 | Build | Blacksmith |
| 13:39 | Build | Blacksmith |
| 14:01 | Research | Forging |
| 14:01 | Research | Scale Mail Armor |
| 14:01 | Research | Tech 1661 |
| 14:01 | Research | Scale Mail Armor |
| 14:02 | Research | Tech 1662 |
| 14:02 | Research | Tech 1663 |
| 14:02 | Research | Tech 1664 |
| 14:02 | Research | Tech 1664 |
| 14:11 | Build | University |
| 14:15 | Build | University |
| 14:22 | Build | Stable |
| 14:23 | Build | Stable |
| 15:22 | Research | Chemistry |
| 15:22 | Research | Tech 1640 |
| 15:23 | Research | Tech 1640 |
| 15:23 | Research | Tech 1641 |
| 15:23 | Research | Treadmill Crane |
| 15:24 | Research | Tech 1651 |
| 15:24 | Research | Tech 1652 |
| 15:25 | Research | Siege Engineers |
| 15:25 | Research | Siege Engineers |
| 15:26 | Research | Tech 1743 |
| 15:26 | Research | Tech 1744 |
| 15:29 | Research | Iron Casting |
| 15:29 | Research | Chain Mail Armor |
| 15:29 | Research | Iron Casting |
| 15:29 | Research | Chain Mail Armor |
| 15:29 | Research | Tech 1869 |
| 15:29 | Research | Tech 1667 |
| 15:30 | Research | Tech 1667 |
| 15:30 | Research | Tech 1869 |
| 15:30 | Research | Tech 1870 |
| 15:30 | Research | Tech 1668 |
| 15:30 | Research | Scale Barding Armor |
| 15:31 | Research | Tech 1871 |
| 15:31 | Research | Tech 1872 |
Build order — master
First 150 of 567 actions detected
| 1:04 | Build | Lumber Camp |
| 1:09 | Build | Farm |
| 1:13 | Build | Farm |
| 1:15 | Build | Farm |
| 1:17 | Build | Farm |
| 1:25 | Build | Farm |
| 1:44 | Build | Farm |
| 1:57 | Build | Lumber Camp |
| 2:01 | Build | Farm |
| 2:43 | Build | Farm |
| 2:47 | Build | Lumber Camp |
| 2:52 | Build | Farm |
| 3:38 | Build | Farm |
| 3:50 | Build | Lumber Camp |
| 4:32 | Research | Feudal Age |
| 4:32 | Research | Feudal Age |
| 4:32 | Research | Feudal Age |
| 4:57 | Build | Lumber Camp |
| 5:05 | Build | Farm |
| 5:24 | Age | Feudal Age |
| 5:45 | Build | Market |
| 6:07 | Research | Castle Age |
| 6:08 | Research | Castle Age |
| 6:14 | Build | Farm |
| 6:36 | Build | Farm |
| 7:11 | Age | Castle Age |
| 7:21 | Create | Villager (Male) |
| 7:21 | Create | Villager (Male) |
| 7:27 | Build | Lumber Camp |
| 7:31 | Build | Farm |
| 7:43 | Build | Lumber Camp |
| 7:58 | Research | Double-Bit Axe |
| 7:58 | Research | Double-Bit Axe |
| 7:59 | Research | Double-Bit Axe |
| 7:59 | Research | Tech 1687 |
| 7:59 | Research | Tech 1687 |
| 8:00 | Research | Tech 1688 |
| 8:00 | Research | Tech 1688 |
| 8:02 | Research | Wheelbarrow |
| 8:03 | Research | Town Watch |
| 8:04 | Research | Tech 1699 |
| 8:04 | Research | Loom |
| 8:04 | Research | Tech 1612 |
| 8:05 | Research | Tech 1700 |
| 8:05 | Research | Tech 1628 |
| 8:06 | Research | Tech 1613 |
| 8:07 | Research | Tech 1629 |
| 8:07 | Research | Tech 1629 |
| 8:17 | Research | Bow Saw |
| 8:17 | Research | Bow Saw |
| 8:17 | Research | Bow Saw |
| 8:18 | Research | Tech 1691 |
| 8:18 | Research | Tech 1691 |
| 8:18 | Research | Tech 1691 |
| 8:19 | Research | Tech 1692 |
| 8:19 | Research | Tech 1692 |
| 8:26 | Create | Villager (Male) |
| 8:26 | Create | Villager (Male) |
| 8:41 | Build | Town Center |
| 9:14 | Create | Villager (Male) |
| 9:15 | Create | Villager (Male) |
| 9:15 | Create | Villager (Male) |
| 9:16 | Create | Villager (Male) |
| 9:17 | Create | Villager (Male) |
| 9:17 | Create | Villager (Male) |
| 9:18 | Create | Villager (Male) |
| 9:54 | Build | Lumber Camp |
| 10:02 | Build | Siege Workshop |
| 10:12 | Create | Villager (Male) |
| 10:29 | Build | Market |
| 10:30 | Create | Villager (Male) |
| 10:47 | Create | Villager (Male) |
| 10:55 | Research | Hand Cart |
| 10:55 | Research | Hand Cart |
| 10:56 | Research | Hand Cart |
| 10:56 | Research | Tech 1715 |
| 10:56 | Research | Tech 1715 |
| 10:57 | Research | Tech 1716 |
| 10:57 | Research | Tech 1716 |
| 11:10 | Research | Imperial Age |
| 11:11 | Research | Imperial Age |
| 11:13 | Research | Coinage |
| 11:13 | Research | Caravan |
| 11:28 | Build | Lumber Camp |
| 11:35 | Create | Villager (Male) |
| 11:36 | Create | Villager (Male) |
| 11:36 | Create | Villager (Male) |
| 11:39 | Create | Villager (Male) |
| 11:40 | Create | Villager (Male) |
| 11:40 | Create | Villager (Male) |
| 11:41 | Create | Villager (Male) |
| 11:47 | Research | Tech 1642 |
| 11:47 | Research | Tech 1642 |
| 12:25 | Create | Mangonel |
| 12:26 | Age | Imperial Age |
| 12:38 | Build | Castle |
| 12:42 | Research | Onager (upgrade) |
| 12:42 | Research | Onager (upgrade) |
| 12:50 | Research | Banking |
| 12:50 | Research | Tech 1643 |
| 12:50 | Research | Tech 1643 |
| 12:51 | Research | Tech 1643 |
| 12:53 | Research | Heavy Scorpion (upgrade) |
| 12:54 | Research | Capped Ram (upgrade) |
| 12:54 | Research | Capped Ram (upgrade) |
| 12:55 | Research | Capped Ram (upgrade) |
| 12:59 | Research | Tech 1705 |
| 12:59 | Research | Tech 1705 |
| 13:00 | Research | Tech 1706 |
| 13:00 | Research | Tech 1706 |
| 13:05 | Build | Mining Camp |
| 13:39 | Create | Villager (Male) |
| 13:39 | Create | Villager (Male) |
| 13:39 | Create | Villager (Male) |
| 13:40 | Create | Villager (Male) |
| 13:40 | Create | Villager (Male) |
| 13:40 | Create | Villager (Male) |
| 13:40 | Create | Villager (Male) |
| 13:41 | Create | Villager (Male) |
| 13:41 | Create | Villager (Male) |
| 13:42 | Create | Villager (Male) |
| 13:43 | Research | Spies/Treason |
| 13:44 | Research | Double Crossbow |
| 13:44 | Research | Tusk Swords |
| 13:46 | Research | Conscription |
| 13:46 | Research | Tech 1816 |
| 13:46 | Research | Tech 1816 |
| 13:47 | Research | Tech 1816 |
| 13:47 | Research | Tech 1733 |
| 13:47 | Research | Tech 1733 |
| 13:48 | Research | Tech 1734 |
| 13:48 | Research | Tech 1817 |
| 13:49 | Research | Tech 1814 |
| 13:49 | Research | Tech 1814 |
| 13:50 | Research | Tech 1815 |
| 13:50 | Research | Elite Ballista Elephant (upgrade) |
| 13:51 | Research | Elite Ballista Elephant (upgrade) |
| 13:53 | Create | Villager (Male) |
| 13:54 | Create | Villager (Male) |
| 14:07 | Research | Stone Mining |
| 14:07 | Research | Stone Mining |
| 14:08 | Research | Gold Mining |
| 14:09 | Research | Tech 1653 |
| 14:12 | Build | Mining Camp |
| 14:13 | Build | Mining Camp |
| 14:32 | Research | Gold Shaft Mining |
| 14:32 | Research | Gold Shaft Mining |
| 14:35 | Research | Stone Shaft Mining |
| 14:36 | Research | Tech 1654 |
| 14:53 | Build | Mining Camp |
Match timeline
| 2:59 | Zni.无殇 · age_up feudal |
| 3:41 | Age5464 · first_market_sell 100 food |
| 3:49 | dRea · age_up feudal |
| 4:05 | Zni.无殇 · first_market_sell 500 food |
| 4:15 | KISMAT · age_up feudal |
| 4:47 | dRea · first_market_sell 500 food |
| 5:20 | Ortys · age_up feudal |
| 5:20 | KISMAT · first_market_sell 500 wood |
| 5:24 | master · age_up feudal |
| 5:35 | Wololoo · age_up feudal |
| 5:42 | Zni.无殇 · age_up castle |
| 5:43 | weakest man in bayader · age_up feudal |
| 5:48 | Zni.无殇 · first_building Siege Workshop |
| 5:56 | Zni.无殇 · first_building Monastery |
| 6:03 | master · first_market_sell 100 wood |
| 6:12 | Ortys · first_market_sell 100 wood |
| 6:17 | Ortys · first_market_buy 100 food |
| 6:25 | weakest man in bayader · first_market_sell 500 wood |
| 6:33 | Age5464 · first_building Siege Workshop |
| 6:37 | Age5464 · first_building Monastery |
| 6:58 | KISMAT · age_up castle |
| 7:02 | dRea · age_up castle |
| 7:11 | master · age_up castle |
| 7:22 | dRea · first_building Siege Workshop |
| 7:26 | Ortys · age_up castle |
| 7:33 | Zni.无殇 · age_up imperial |
| 7:38 | weakest man in bayader · age_up castle |
| 7:58 | Wololoo · first_market_sell 100 food |
| 8:17 | weakest man in bayader · first_building Siege Workshop |
| 9:00 | dRea · first_building Monastery |
| 9:11 | Wololoo · age_up castle |
| 9:30 | Age5464 · first_market_buy 100 stone |
| 9:42 | Wololoo · first_building Siege Workshop |
| 9:52 | KISMAT · first_building Siege Workshop |
| 10:02 | Wololoo · first_building Monastery |
| 10:02 | master · first_building Siege Workshop |
| 10:06 | KISMAT · first_building Monastery |
| 10:14 | KISMAT · first_building Dock |
| 10:37 | weakest man in bayader · age_up imperial |
| 11:10 | Zni.无殇 · first_building Barracks |
| 11:14 | Zni.无殇 · first_building Castle |
| 11:21 | Ortys · first_building Castle |
| 11:23 | Zni.无殇 · tribute_sent a jugador 1 |
| 11:23 | Zni.无殇 · tribute_sent a jugador 2 |
| 11:23 | Zni.无殇 · tribute_sent a jugador 3 |
| 11:23 | Zni.无殇 · tribute_sent a jugador 4 |
| 11:23 | Zni.无殇 · tribute_sent a jugador 5 |
| 11:23 | Zni.无殇 · tribute_sent a jugador 6 |
| 11:23 | Zni.无殇 · tribute_sent a jugador 7 |
| 11:33 | dRea · age_up imperial |
| 11:35 | Zni.无殇 · tribute_sent a jugador 1 |
| 11:35 | Zni.无殇 · tribute_sent a jugador 2 |
| 11:35 | Zni.无殇 · tribute_sent a jugador 3 |
| 11:35 | Zni.无殇 · tribute_sent a jugador 4 |
| 11:35 | Zni.无殇 · tribute_sent a jugador 5 |
| 11:35 | Zni.无殇 · tribute_sent a jugador 6 |
| 11:35 | Zni.无殇 · tribute_sent a jugador 7 |
| 11:39 | Wololoo · age_up imperial |
| 11:46 | KISMAT · first_building Barracks |
| 11:52 | KISMAT · age_up imperial |
| 11:53 | dRea · first_building Castle |
| 12:20 | Zni.无殇 · first_building Stable |
| 12:26 | master · age_up imperial |
| 12:37 | KISMAT · first_building Stable |
| 12:38 | master · first_building Castle |
| 12:44 | Wololoo · first_building Castle |
| 13:12 | dRea · first_building Barracks |
| 13:12 | Ortys · first_building Siege Workshop |
| 14:09 | Ortys · age_up imperial |
| 14:22 | dRea · first_building Stable |
| 15:04 | Zni.无殇 · tribute_sent a jugador 1 |
| 15:04 | Zni.无殇 · tribute_sent a jugador 2 |
| 15:04 | Zni.无殇 · tribute_sent a jugador 3 |
| 15:04 | Zni.无殇 · tribute_sent a jugador 4 |
| 15:04 | Zni.无殇 · tribute_sent a jugador 5 |
| 15:04 | Zni.无殇 · tribute_sent a jugador 6 |
| 15:04 | Zni.无殇 · tribute_sent a jugador 7 |
| 15:07 | KISMAT · first_market_buy 500 stone |
| 15:15 | KISMAT · first_building Castle |
| 15:40 | Zni.无殇 · tribute_sent a jugador 1 |
| 15:40 | Zni.无殇 · tribute_sent a jugador 2 |
| 15:40 | Zni.无殇 · tribute_sent a jugador 3 |
| 15:40 | Zni.无殇 · tribute_sent a jugador 4 |
| 15:40 | Zni.无殇 · tribute_sent a jugador 5 |
| 15:40 | Zni.无殇 · tribute_sent a jugador 6 |
| 15:40 | Zni.无殇 · tribute_sent a jugador 7 |
| 15:46 | Age5464 · first_building Castle |
| 16:03 | Ortys · first_building Archery Range |
| 17:03 | weakest man in bayader · first_building Castle |
| 17:28 | master · first_building Stable |
| 18:04 | Wololoo · first_building Stable |
| 18:11 | Wololoo · first_building Archery Range |
| 18:51 | weakest man in bayader · wall_segment Stone Wall x4 |
| 18:53 | dRea · tribute_sent a jugador 1 |
| 18:53 | dRea · tribute_sent a jugador 2 |
| 18:53 | dRea · tribute_sent a jugador 3 |
| 18:53 | dRea · tribute_sent a jugador 4 |
| 18:53 | dRea · tribute_sent a jugador 5 |
| 18:53 | dRea · tribute_sent a jugador 7 |
| 18:53 | dRea · tribute_sent a jugador 8 |
| 18:58 | weakest man in bayader · wall_segment Stone Wall x4 |
| 20:21 | Zni.无殇 · tribute_sent a jugador 1 |
| 20:21 | Zni.无殇 · tribute_sent a jugador 2 |
| 20:21 | Zni.无殇 · tribute_sent a jugador 3 |
| 20:21 | Zni.无殇 · tribute_sent a jugador 4 |
| 20:21 | Zni.无殇 · tribute_sent a jugador 5 |
| 20:21 | Zni.无殇 · tribute_sent a jugador 6 |
| 20:21 | Zni.无殇 · tribute_sent a jugador 7 |
| 22:16 | master · wall_segment Stone Wall x1 |
| 22:24 | master · wall_segment Stone Wall x1 |
| 22:34 | master · wall_segment Stone Wall x1 |
| 23:05 | Wololoo · resign |
| 23:31 | master · wall_segment Stone Wall x1 |
| 25:03 | master · wall_segment Stone Wall x2 |
| 25:19 | master · wall_segment Stone Wall x1 |
| 29:05 | Zni.无殇 · first_building Archery Range |
[ AI ANALYSIS · 1 CREDIT ]
What really happened in this match?
Wolo.gg analyzes every decision: build order, eco, micro, common mistakes by bracket. Personalized analysis on WhatsApp or Discord in 30 seconds.
Civ guide
Tatars
Perfil
Jugador #6881795